 Dungeon Crawl Stone Soup version 0.31-a0-965-g8a8ce12e04 (webtiles) character file.

Game seed: 16113832004156340790

424 Maxmaps the Trooper (level 6, 0/46 HPs)
             Began as an Octopode Shapeshifter on Oct 27, 2023.
             Slain by an orc
             ... wielding a +0 short sword
              (3 damage)
             ... on level 5 of the Dungeon.
             The game lasted 00:04:24 (3607 turns).

Maxmaps the Trooper (Octopode Shapeshifter)         Turns: 3607, Time: 00:04:24

Health: 0/46       AC:  1    Str: 14    XL:     6   Next: 96%
Magic:  0/6        EV: 13    Int: 14    God:
Gold:   161        SH:  0    Dex: 11    Spells: 5/5 levels left

rFire   . .          .
                       - Unarmed
rCold   . . .        (no shield)
rNeg    . . .        (helmet currently unavailable)
rPois   .            n - amulet of guardian spirit
rElec   .            p - ring of resist corrosion
rCorr   +            (no ring)
SInv    .            (no ring)
Will    .....        (no ring)
Stlth   ++++         (no ring)
HPRegen 0.27/turn    (no ring)
MPRegen 0.10/turn    (no ring)
                     (no ring)

%: guardian spirit
@: beast-form, attractive
A: beast (slay +1), almost no armour, amphibious, 8 rings, camouflage 1,
gelatinous body 1, (nimble swimmer 1), tentacles
a: Begin Untransformation


You were on level 5 of the Dungeon.
You were a hulking beast.
You visited 1 branch of the dungeon, and saw 5 of its levels.

You collected 161 gold pieces.

Inventory:

Jewellery
 n - an amulet of guardian spirit (around mantle)
 p - a ring of resist corrosion (left tentacle)
Talismans
 b - a beast talisman
 c - a flux talisman
 d - a serpent talisman
Wands
 m - a wand of iceblast (8)
 t - a wand of mindburst (15)
Scrolls
 j - 2 scrolls of identify {unknown}
 l - a scroll of torment {unknown}
 o - 2 scrolls of amnesia {unknown}
 q - a scroll of fear {unknown}
 r - a scroll of poison {unknown}
 s - a scroll of blinking {unknown}
Potions
 e - a potion of heal wounds
 f - a potion of mutation {unknown}
 g - a potion of cancellation {unknown}
 h - a potion of ambrosia {unknown}
 i - a potion of degeneration {unknown}
 k - 3 potions of brilliance {unknown}


   Skills:
 - Level 6.0 Fighting
 - Level 2.0 Dodging
 + Level 4.5 Stealth
 - Level 3.0 Unarmed Combat
 - Level 3.0 Shapeshifting


You had 5 spell levels left.
You didn't know any spells.
Your spell library contained the following spells:

 Spells                   Type           Power      Damage    Failure   Level
 Sting                    Tmut/Pois      0%         1d3       28%         1
 Poisonous Vapours        Pois/Air       0%         N/A       41%         2
 Dazzling Flash           Conj/Hex       0%         N/A       65%         3
 Olgreb's Toxic Radiance  Pois           0%         N/A       96%         4
 Agony                    Necr           0%         N/A       100%        5
 Silence                  Hex/Air        0%         N/A       100%        5


Dungeon Overview and Level Annotations

Branches:
Dungeon (5/15)
 Temple: D:4-7

Altars:
Cheibriados
Dithmenos
Makhleb
Wu Jian
Lugonu

Shops:
D:2 =

Portals:
Abyss: D:3

Annotations:
D:5 1 runed translucent door, Grinder; Menkaure; Tharus's ghost, novice MiBe


Innate Abilities, Weirdness & Mutations

You are a hulking beast.
Your limbs bulge with bestial killing power. (Slay +1)
You cannot wear most types of armour.
You are amphibious.
You can wear up to eight rings at the same time.
Your skin changes colour to match your surroundings (Stealth+).
Your rubbery body absorbs attacks. (AC +1, EV +1)
((You are camouflaged when in or above water. (Stealth+)))
You have tentacles for arms and can constrict up to eight enemies at once.


Message History

You resist with significant effort.
It was a potion of attraction.
You feel attractive to monsters. The orc wizard closely misses you.
Grinder says, "FISH!"
The orc is attracted toward you. Grinder is attracted toward you.
It was a potion of heal wounds.
You feel much better. The orc closely misses you.
The orc wizard hits you with a +0 dagger.
The orc closely misses you.
You completely miss the orc wizard. Your grab misses the orc wizard.
Your squeeze misses the orc wizard. The orc misses you.
The orc wizard hits you with a +0 dagger.
The orc hits you with a +0 short sword.
You tentacle-slap the orc wizard. You grab the orc wizard.
You squeeze the orc wizard.
The orc wizard is heavily wounded.
You constrict the orc wizard, but do no damage.
The orc hits you with a +0 hand axe.
The orc wizard hits you with a +0 dagger.
Grinder hits you!
You writhe in agony.
The orc misses you.
You barely miss the orc. You grab the orc.
You squeeze the orc, but do no damage. You constrict the orc wizard.
You constrict the orc. The orc hits you with a +0 hand axe.
The orc wizard closely misses you. Grinder hits you!
* * * LOW HITPOINT WARNING * * *
You writhe in agony.
* * * LOW HITPOINT WARNING * * *
The orc closely misses you.
You feel much better.
You constrict the orc wizard.
You constrict the orc, but do no damage.
The orc hits you with a +0 hand axe.
The orc wizard hits you with a +0 dagger.
Grinder says, "DUCK!"
Grinder hits you!
* * * LOW HITPOINT WARNING * * *
You writhe in agony.
* * * LOW HITPOINT WARNING * * *
The orc hits you with a +0 short sword.
You die...

####.#.#.....### #.
#.#....^..# $ .#
#.####....### ...
#####.#..........
###.###........#.######
.......#.....##.# #
.###...###.#.####.# #
......o.##.#.# ..# #
#####.h.#.#.# .## #
......5oo..#.# ..
.#...........#.####
#####.............
####.....#.#..
............#..
.$...........
.......#..####.
#####.........


You could see Grinder, an orc wizard and 2 orcs.

Vanquished Creatures
  Sigmund (D:3)
  A scorpion (D:5)
  An iguana (D:4)
  An orc priest (D:4)
  Ijyb (D:3)
  2 orc wizards (D:4)
  A white imp (D:4)
  3 worms
  A dart slug (D:2)
  7 orcs (D:4)
  9 bats
  5 endoplasms
  2 giant cockroaches
  7 goblins
  3 hobgoblins
  3 jackals (D:1)
  12 kobolds
  A quokka (D:3)
  2 ball pythons
  2 frilled lizards
  2 rats (D:1)
67 creatures vanquished.

Notes
Turn   | Place    | Note
-------+----------+-------------------------------------------
     0 | D:1      | Maxmaps the Octopode Shapeshifter began the quest for the
                  | Orb.
     0 | D:1      | Reached XP level 1. HP: 13/13 MP: 1/1
   236 | D:1      | Reached skill level 2 in Fighting
   236 | D:1      | Reached XP level 2. HP: 17/19 MP: 2/2
   703 | D:2      | Found a faded altar of an unknown god.
   712 | D:2      | Found Isistriso's Jewellery Shoppe.
   742 | D:2      | Reached XP level 3. HP: 25/25 MP: 3/3
   746 | D:2      | Reached skill level 3 in Fighting
   875 | D:2      | Found a burning altar of Makhleb.
  1182 | D:3      | Noticed Sigmund
  1192 | D:3      | Killed Sigmund
  1193 | D:3      | Reached skill level 5 in Fighting
  1193 | D:3      | Reached XP level 4. HP: 22/35 MP: 4/4
  1193 | D:3      | Reached XP level 5. HP: 24/39 MP: 5/5
  1285 | D:3      | Found an ornate altar of the Wu Jian Council.
  1334 | D:3      | Noticed Ijyb
  1346 | D:3      | Killed Ijyb
  1429 | D:3      | Found a large runed translucent door.
  1429 | D:3      | Found a large runed translucent door.
  1437 | D:3      | Found a corrupted altar of Lugonu.
  1550 | D:3      | Found a snail-covered altar of Cheibriados.
  1939 | D:3      | Reached XP level 6. HP: 42/46 MP: 6/6
  1975 | D:3      | Found a one-way gate to the infinite horrors of the Abyss.
  2508 | D:4      | Found a shadowy altar of Dithmenos.
  2545 | D:4      | Reached skill level 6 in Fighting
  3377 | D:5      | Entered Level 5 of the Dungeon
  3380 | D:5      | Noticed Grinder
  3380 | D:5      | Noticed Menkaure
  3541 | D:5      | Found a runed translucent door.
  3560 | D:5      | Noticed Tharus's ghost (novice MiBe)
  3607 | D:5      | Slain by an orc

Illustrated notes

Levels and vault maps discovered:
D:1:      eino_arrival_tree_alley, layout_loops_ring
D:2:      layout_rooms, hellmonk_ecumenical_altar_arch_garden, serial_shops,
          shop, basic_altar
D:3:      due_chaos_kobolds, layout_basic, mainiacjoe_overflow_surrounded_room,
          mainiacjoe_overflow_six_doors_small, minmay_misc_feat_rows,
          hangedman_decor_clover_reticule, minmay_door_square, uniq_sigmund,
          uniq_ijyb
D:4:      layout_basic, nicolae_dithmenos_the_darkroom
D:5:      layout_rooms, ebering_ghost_sewer_d, uniq_duvessa, uniq_menkaure,
          uniq_grinder

Skill      XL: |  1  2  3  4  5  6 |
---------------+-------------------+-----
Fighting       | 2 5 6 |  6.0
Stealth        | 4 |  4.5
Dodging        | |  2.0
Unarmed Combat | |  3.0
Shapeshifting  | |  3.0

Action                     |  1- 3 |  4- 6 || total
---------------------------+-------+-------++-------
  Melee: Unarmed           |    69 |   116 ||   185
         Constrict         |    14 |    18 ||    32
         Tentacles         |    14 |    14 ||    28
         Punch             |     3 |     4 ||     7
    Use: Potion            |     1 |     4 ||     5
   Stab: Sleeping          |       |     6 ||     6
 Armour: Skin              |    32 |    80 ||   112
  Dodge: Dodged            |    47 |    40 ||    87

Table legend: (Time is in decaauts)
 A = Elapsed time spent in this place.
 B = Non-inter-level travel time spent in this place.
 C = Inter-level travel time spent in this place.
 D = Time resting spent in this place.
 E = Time spent auto-exploring this place.
 F = Levels seen in this place.
 G = Mean time per level.
                   A        B        C        D        E       F      G
               +--------+--------+--------+--------+--------+-----+--------+
         Total |   3595 |   3348 |    247 |    383 |   2439 |   5 |  719.0 |
       Dungeon |   3595 |   3348 |    247 |    383 |   2439 |   5 |  719.0 |
               +--------+--------+--------+--------+--------+-----+--------+

Top non-repeatable levels by time:
     D:3: 1279 daAuts
     D:4: 1103 daAuts
     D:1: 631 daAuts
     D:2: 474 daAuts
     D:5: 106 daAuts
